 Dungeon Crawl Stone Soup version 0.25-a0-544-gee0576305d (webtiles) character file.

Game seed: 7939580321829216070, levelgen mode: deterministic

219 drasked the Magician (level 5, -7/28 HPs)
             Began as a Deep Elf Wizard on Feb 21, 2020.
             Killed by nerve-wracking pain
             ... invoked by Grinder
              (14 damage)
             ... on level 3 of the Dungeon.
             The game lasted 00:11:27 (3849 turns).

drasked the Magician (Deep Elf Wizard)              Turns: 3849, Time: 00:11:28

Health: -7/28      AC:  8    Str:  4    XL:     5   Next: 64%
Magic:  6/15       EV: 15    Int: 24    God:
Gold:   157        SH:  0    Dex: 13    Spells: 8/16 levels left

rFire    . . .     SeeInvis .   n - +0 spear
rCold    . . .     Gourm    .   (no shield)
rNeg     . . .     Faith    .   a - +0 robe
rPois    .         Spirit   .   b - +0 hat
rElec    .         Reflect  .   (no cloak)
rCorr    .         Harm     .   (no gloves)
MR       .....                  (no boots)
Stlth    ++........             (no amulet)
HPRegen  0.09/turn              m - +6 ring of protection
MPRegen  0.14/turn              r - +2 ring of evasion

@: no status effects
A: no striking features
a: no special abilities


You were on level 3 of the Dungeon.
You were not hungry.

You visited 1 branch of the dungeon, and saw 3 of its levels.

You collected 157 gold pieces.

Inventory:

Hand Weapons
 n - a +0 spear (weapon)
   (You took it off a kobold on level 2 of the Dungeon)
Armour
 a - a +0 robe (worn)
 b - a +0 hat (worn)
Jewellery
 m - a +6 ring of protection (left hand)
   (You found it on level 2 of the Dungeon)
 r - a +2 ring of evasion (right hand)
   (You took it off a hobgoblin on level 2 of the Dungeon)
Wands
 s - a wand of polymorph (10)
   (You found it on level 2 of the Dungeon)
Scrolls
 c - a scroll of fear {unknown}
 d - a scroll of teleportation {unknown}
 h - a scroll of enchant weapon {unknown}
 i - a scroll of identify
 p - a scroll of blinking {unknown}
 t - a scroll of random uselessness {unknown}
Potions
 f - 2 potions of mutation {unknown}
 g - 2 potions of heal wounds {unknown}
 j - 3 potions of curing {unknown}
 k - a potion of invisibility {unknown}
 l - a potion of haste {unknown}
 o - a potion of brilliance
 q - a potion of berserk rage {unknown}
Comestibles
 e - 10 rations
 u - 2 chunks of flesh {@w0}


   Skills:
 - Level 2.4 Dodging
 - Level 2.4 Stealth
 + Level 6.3 Spellcasting
 + Level 3.7 Conjurations
 + Level 3.3 Summonings
 - Level 1.1 Translocations


You had 8 spell levels left.
You knew the following spells:

 Your Spells              Type           Power        Failure   Level  Hunger
a - Magic Dart            Conj           ####         1%          1    None
b - Blink                 Tloc           N/A          8%          2    None
c - Call Imp              Summ           ###.....     3%          2    None
x - Mephitic Cloud        Conj/Pois/Air  ##......     14%         3    None

Your spell library contained the following spells:

 Spells                   Type           Power        Failure   Level  Hunger
 Corona                   Hex            #......      8%          1    None
 Conjure Flame            Conj/Fire      ###.....     11%         3    None
 Dazzling Flash           Conj/Hex       ###...       11%         3    None
 Ensorcelled Hibernation  Hex/Ice        #.....       12%         2    None
 Slow                     Hex            #.......     12%         2    None
 Confusing Touch          Hex            #.......     24%         3    None
 Tukima's Dance           Hex            #.......     24%         3    None


Dungeon Overview and Level Annotations

Branches:
Dungeon (3/15)

Altars:
Elyvilon
Makhleb
Okawaru
Ru
Uskayaw
Wu Jian
Xom
Yredelemnul
The Shining One

Annotations:
D:3 Grinder


Message History

A kobold is nearby!
Aim: a kobold, quivering a stone (resting)
The magic dart hits the kobold but does no damage.
The kobold shouts!
You hear a shout!
The kobold throws a stone.
The stone hits you but does no damage.
Aim: a kobold The magic dart hits the kobold.
You kill the kobold!
A goblin comes into view. It is wielding a +0 spear.
Aim: a goblin, wielding a +0 spear The magic dart hits the goblin.
You kill the goblin!
You start resting.
An ooze comes into view.
Your crimson imp blinks!
An ooze is nearby!
An ooze is nearby!
An ooze is nearby!
An ooze is nearby!
Aim: an ooze (hasn't noticed you)
The magic dart hits the ooze.
The ooze quivers.
Aim: an ooze (lightly wounded)
The magic dart hits the ooze!
Aim: an ooze (severely wounded)
The magic dart hits the ooze.
You kill the ooze!
You can't see any susceptible monsters within range! (Use Z to cast anyway.)
You can't see any susceptible monsters within range! (Use Z to cast anyway.)
You start resting.
Eating one of 5 chunks of flesh {@w0}.
You eat one of the 5 chunks of flesh {@w0}.
Your crimson imp disappears in a puff of smoke!
Found a stone staircase leading down.
Grinder comes into view.
Grinder shouts!
Grinder blinks!
Grinder moves out of view.
A beastly little devil appears in a puff of frigid air.
A beastly little devil appears in a puff of flame.
There is a stone staircase leading down here.
What are your orders? t - Shout!
Orders for allies: a - Attack new target. r - Retreat! s - Stop attacking. g - Guard the area. f - Follow me.
Anything else - Cancel.
Gang up on whom?
Aim: Grinder Attack!
Grinder blinks!
A beastly little devil appears in a puff of flame.
What are your orders? t - Shout!
Orders for allies: a - Attack new target. p - Attack previous target. r - Retreat! s - Stop attacking. g - Guard the area. f - Follow me.
Anything else - Cancel.
Gang up on whom?
Aim: Grinder Attack!
Grinder blinks!
Unknown command.
Your crimson imp blinks!
What are your orders? t - Shout!
Orders for allies: a - Attack new target. p - Attack previous target. r - Retreat! s - Stop attacking. g - Guard the area. f - Follow me.
Anything else - Cancel.
Gang up on whom?
Aim: Grinder Attack!
Grinder hits your crimson imp.
Your white imp freezes Grinder.
Grinder completely resists.
Attack whom?
Aim: Grinder (lightly wounded)
You reach to attack!
You barely miss Grinder. You barely miss Grinder.
Your white imp disappears in a puff of smoke!
Grinder barely misses you.
Aim: Grinder (lightly wounded)
The magic dart hits Grinder.
Grinder closely misses you.
Aim: Grinder (lightly wounded)
The magic dart hits Grinder.
Grinder closely misses you.
Aim: Grinder (moderately wounded)
The magic dart hits Grinder.
Grinder hits you.
You writhe in agony.
Aim: Grinder (moderately wounded)
The magic dart hits Grinder.
Grinder misses you.
Aim: Grinder (heavily wounded)
The magic dart hits Grinder.
Grinder gestures at you. Pain shoots through your body!
* * * LOW HITPOINT WARNING * * *
Aim: Grinder (heavily wounded)
The magic dart hits Grinder.
Grinder grins, showing sharp teeth.
Grinder hits you but does no damage.
Some of the chunks of flesh in your inventory have rotted away.
Grinder gestures at you. Pain shoots through your body!
Ouch! That really hurt!
You die...

####.. ########
#8.... #......#
#._..) #.. ...#
#8.... #.. ...
#....) #.###.#
#..... #.#.#.#
#8_...
#.#...#######.8.8.
#@..........######
#.55..............
###5####.#..######
#.#....#.(...).#
#.#.####.#.###.#
#.. #.#...#รท# ###
#.##....(
.....####
.....#...


You could see Grinder and 2 friendly crimson imps.

Levels and vault maps discovered:
D:1:      sevenhm_arrival_forest_fort_small_6, layout_basic,
          minmay_misc_feat_tiny
D:2:      layout_loops_cross, lemuel_doored_altar,
          lemuel_coloured_pillars_altar, lemuel_round_altar, first_ration,
          hangedman_glass_teeth, minmay_pentomino_pile
D:3:      layout_basic, tso_oasis_becter, nicolae_overflow_crystal_walls,
          lemuel_round_altar, ebering_ghost_rock_garden, doesnt_xom_only_xom,
          uniq_grinder, uniq_ijyb

Notes
Turn   | Place    | Note
-------+----------+-------------------------------------------
     0 | D:1      | drasked the Deep Elf Wizard began the quest for the Orb.
     0 | D:1      | Reached XP level 1. HP: 10/10 MP: 7/7
    56 | D:1      | Identified a +0 short sword
   205 | D:1      | Identified a +0 club
   293 | D:1      | Reached XP level 2. HP: 15/15 MP: 4/9
   356 | D:1      | Learned a level 2 spell: Blink
   359 | D:1      | Learned a level 2 spell: Call Imp
   377 | D:1      | Reached skill level 2 in Conjurations
   556 | D:1      | Identified a +0 dagger
  1005 | D:1      | Reached skill level 5 in Spellcasting
  1039 | D:1      | Identified a cursed +0 club
  1317 | D:2      | HP: 3/15 [hound (1)]
  1318 | D:2      | Identified a +0 club
  1318 | D:2      | Reached XP level 3. HP: 4/19 MP: 0/11
  1326 | D:2      | HP: 3/19 [bat (1)]
  1715 | D:2      | Reached skill level 2 in Summonings
  1719 | D:2      | Identified a +0 spear
  1805 | D:2      | Identified a +0 spear
  2171 | D:2      | Found a basalt altar of Yredelemnul.
  2229 | D:2      | Found a white marble altar of Elyvilon.
  2324 | D:2      | Reached XP level 4. HP: 24/24 MP: 10/13
  2374 | D:2      | Identified a +0 club
  2400 | D:2      | Learned a level 3 spell: Mephitic Cloud
  2419 | D:2      | Identified a +0 club
  2419 | D:2      | Identified a +0 robe
  2419 | D:2      | Identified a +2 ring of evasion
  2546 | D:2      | Found an ornate altar of the Wu Jian Council.
  2704 | D:3      | Found a glowing golden altar of the Shining One.
  2738 | D:3      | Identified a +0 leather armour
  2738 | D:3      | Identified a +0 flail
  2738 | D:3      | Identified a +0 leather armour
  2745 | D:3      | Identified a +0 war axe
  2745 | D:3      | Identified a +0 chain mail
  2829 | D:3      | Identified a +0 leather armour
  2829 | D:3      | Noticed Ijyb
  2838 | D:3      | Killed Ijyb
  2838 | D:3      | Reached skill level 3 in Conjurations
  2902 | D:3      | Found an iron altar of Okawaru.
  2947 | D:3      | Identified a +0 flail
  2948 | D:3      | Identified a +0 spear
  2953 | D:3      | Identified a +0 flail of protection
  3093 | D:3      | Identified a +0 dagger
  3134 | D:3      | Found a runed translucent gate.
  3134 | D:3      | Found a runed translucent gate.
  3134 | D:3      | Found a runed translucent gate.
  3143 | D:3      | Noticed Tenz's ghost (amateur SpWr)
  3154 | D:3      | Identified a ring of protection (You found it on level 2 of
                  | the Dungeon)
  3155 | D:3      | Identified a ring of strength (You found it on level 2 of
                  | the Dungeon)
  3370 | D:3      | Identified 2 scrolls of identify
  3370 | D:3      | Identified a potion of brilliance
  3390 | D:3      | Found a hide-covered altar of Uskayaw.
  3477 | D:3      | Killed Tenz's ghost
  3477 | D:3      | Reached skill level 6 in Spellcasting
  3477 | D:3      | Reached skill level 3 in Summonings
  3477 | D:3      | Reached XP level 5. HP: 28/28 MP: 9/15
  3609 | D:3      | Found a shimmering blue altar of Sif Muna.
  3611 | D:3      | Found an ornate altar of the Wu Jian Council.
  3611 | D:3      | Found a sacrificial altar of Ru.
  3616 | D:3      | Identified a +0 dagger
  3616 | D:3      | Identified a cursed +0 robe
  3620 | D:3      | Found a burning altar of Makhleb.
  3620 | D:3      | Found a shimmering altar of Xom.
  3620 | D:3      | Found a burning altar of Makhleb.
  3620 | D:3      | Identified a +0 mace
  3629 | D:3      | Identified a +0 flail
  3735 | D:3      | Identified a +0 club
  3771 | D:3      | Identified a +0 spear
  3822 | D:3      | Noticed Grinder
  3847 | D:3      | HP: 7/28 [Grinder/nerve-wracking pain (12)]
  3849 | D:3      | Killed from afar by Grinder

Table legend:
 A = Turns spent in this place as a percentage of turns spent in the entire game.
 B = Non-inter-level travel turns spent in this place as a percentage of non-inter-level travel turns spent in the entire game.
 C = Inter-level travel turns spent in this place as a percentage of turns spent in this place.
 D = Turns resting spent in this place as a percentage of non-inter-level travel turns spent in this place.
 E = Turns spent auto-exploring this place as a percentage of non-inter-level travel turns spent in this place.
 F = Non-inter-level travel turns spent in this place divided by the number of levels of this place that you've seen.
                   A       B       C       D       E      F
               +-------+-------+-------+-------+-------+----------------------
         Total | 100.0 | 100.0 |   2.9 |  34.6 |  46.5 | 1246.0
       Dungeon | 100.0 | 100.0 |   2.9 |  34.6 |  46.5 | 1246.0
               +-------+-------+-------+-------+-------+----------------------

Table legend:
 A = Kills in this place as a percentage of kills in entire the game.
 B = Kills by you in this place as a percentage of kills by you in the entire game.
 C = Kills by friends in this place as a percentage of kills by friends in the entire game.
 D = Other kills in this place as a percentage of other kills in the entire game.
 E = Experience gained in this place as a percentage of experience gained in the entire game.
 F = Experience gained in this place divided by the number of levels of this place that you have seen.
                   A       B       C       D       E      F
               +-------+-------+-------+-------+-------+----------------------
         Total | 100.0 | 100.0 | 100.0 |   N/A | 100.0 | 104.7
       Dungeon | 100.0 | 100.0 | 100.0 |   N/A | 100.0 | 104.7
               +-------+-------+-------+-------+-------+----------------------

Skill      XL: |  1  2  3  4 |
---------------+-------------+-----
Conjurations   | 2 3 |  3.7
Spellcasting   | 5 6 |  6.3
Summonings     | 2 3 |  3.3
Dodging        | |  2.4
Stealth        | |  2.4
Translocations | |  1.1

Action                   |  1- 3 |  4- 6 || total
-------------------------+-------+-------++-------
Melee: Spear             |       |     4 ||     4
 Cast: Magic Dart        |    82 |    49 ||   131
       Call Imp          |     3 |    27 ||    30
       Mephitic Cloud    |       |     1 ||     1
  Use: Scroll            |       |     1 ||     1
  Eat: Chunk             |     4 |     5 ||     9
Armor: Robe              |    11 |     3 ||    14
Dodge: Dodged            |    29 |     6 ||    35

Vanquished Creatures
  The ghost of Tenz the Ducker, an amateur SpWr (D:3)
  An ooze (D:3)
  2 dart slugs
  A leopard gecko (D:3)
  An orc (D:3)
  9 bats
  5 giant cockroaches
  5 hobgoblins
  2 jackals (D:2)
  A quokka (D:3)
  3 frilled lizards
  9 goblins
  7 kobolds
  7 rats
54 creatures vanquished.

Vanquished Creatures (collateral kills)
  A hound (D:2)
  An orc wizard (D:3)
  Ijyb (D:3)
  4 gnolls (D:3)
  A worm (D:2)
  4 orcs (D:3)
  8 jackals
  2 rats (D:3)
22 creatures vanquished.

Grand Total: 76 creatures vanquished
